 Dungeon Crawl Stone Soup version 0.24-a0-250-g6074511 (webtiles) character file.

Game seed: 4091819735470295176

140 Borgoz the Cutter (level 5, -3/32 HPs)
             Began as a Kobold Gladiator on Apr 15, 2019.
             Slain by an ogre
             ... wielding a +0 giant spiked club
              (19 damage)
             ... on level 4 of the Dungeon.
             The game lasted 00:04:34 (2579 turns).

Borgoz the Cutter (Kobold Gladiator)                Turns: 2579, Time: 00:04:34

Health: -3/32      AC:  4    Str: 12    XL:     5   Next: 46%
Magic:  5/5        EV: 17    Int:  9    God:
Gold:   187        SH:  0    Dex: 17    Spells: 4/4 levels left

rFire    . . .     SeeInvis .   a - +0 rapier
rCold    + . .     Gourm    .   (shield restricted)
rNeg     . . .     Faith    .   b - +0 leather armour
rPois    .         Spirit   .   c - +0 helmet
rElec    .         Reflect  .   (no cloak)
rCorr    .         Harm     .   (no gloves)
MR       .....                  (no boots)
Stlth    +.........             j - amulet of rage
HPRegen  0.10/turn              g - ring of protection from cold
MPRegen  0.09/turn              (no ring)

@: no status effects
A: small, carnivore
a: Evoke Berserk Rage


You were on level 4 of the Dungeon.
You were completely stuffed.

You visited 1 branch of the dungeon, and saw 4 of its levels.

You collected 187 gold pieces.

Inventory:

Hand Weapons
 a - a +0 rapier (weapon)
Armour
 b - a +0 leather armour (worn)
 c - a +0 helmet (worn)
Jewellery
 g - a ring of protection from cold (left hand)
 j - an amulet of rage (around neck)
 r - an uncursed amulet of the acrobat
Scrolls
 d - a scroll of enchant weapon {unknown}
 e - a scroll of random uselessness {unknown}
 l - 6 scrolls of identify {unknown}
 p - a scroll of blinking {unknown}
 s - a scroll of teleportation {unknown}
 t - a scroll of remove curse {unknown}
Potions
 h - a potion of lignification {unknown}
 i - 2 potions of curing
 k - a potion of ambrosia {unknown}
 m - 3 potions of degeneration {unknown}
 n - a potion of haste {unknown}
 o - a potion of berserk rage {unknown}
 q - a potion of cancellation {unknown}
 u - a potion of flight {unknown}
Comestibles
 f - 7 rations


   Skills:
 + Level 3.0 Fighting
 + Level 5.7 Short Blades
 - Level 2.4 Throwing
 + Level 0.8 Armour
 + Level 4.6 Dodging
 + Level 0.9 Evocations


You had 4 spell levels left.
You didn't know any spells.
Your spell library was empty.

Dungeon Overview and Level Annotations

Branches:
Dungeon (4/15)
 Temple: D:4-7

Altars:
Cheibriados


Innate Abilities, Weirdness & Mutations

You are small and have problems with some larger weapons.
You are carnivorous and can eat meat at any time.


Message History

The ogre is severely wounded.
The ogre barely misses you.
You hit the ogre but do no damage.
The ogre is severely wounded.
You hit the ogre.
The ogre is severely wounded.
The ogre completely misses you.
You barely miss the ogre.
The ogre is severely wounded.
The ogre barely misses you.
You hit the ogre.
The ogre is almost dead.
You hit the ogre but do no damage.
The ogre is almost dead.
The ogre closely misses you.
You hit the ogre but do no damage.
The ogre is almost dead.
The ogre hits you with a +0 giant spiked club!!
Ouch! That really hurt!
You die...

####..........
#...........######
##...$.............
#..................
...........<.....#.
...##/.####.###.#
#..## .# # #.†(# .#
##@.# .# #.O.# .#
#...# .# #...# .#
..... ...#.## ?#.
.# .... ..


You could see an ogre.

Vanquished Creatures
  A hound (D:4)
  Robin (D:3)
  3 adders
  A worm (D:2)
  A dart slug (D:1)
  A leopard gecko (D:1)
  An orc (D:3)
  4 bats
  4 giant cockroaches
  16 goblins
  8 hobgoblins
  5 jackals
  A quokka (D:3)
  4 frilled lizards
  5 kobolds
  3 rats
59 creatures vanquished.

Notes
Turn   | Place    | Note
-------+----------+-------------------------------------------
     0 | D:1      | Borgoz the Kobold Gladiator began the quest for the Orb.
     0 | D:1      | Reached XP level 1. HP: 12/12 MP: 1/1
    55 | D:1      | Reached XP level 2. HP: 17/17 MP: 2/2
   133 | D:1      | Found a snail-covered altar of Cheibriados.
   160 | D:1      | Reached XP level 3. HP: 22/22 MP: 3/3
   995 | D:2      | Reached skill level 5 in Short Blades
   999 | D:2      | Reached XP level 4. HP: 27/27 MP: 4/4
  1280 | D:3      | Noticed Robin
  1349 | D:3      | Killed Robin
  1833 | D:3      | Reached XP level 5. HP: 17/32 MP: 5/5
  2565 | D:4      | Noticed an ogre
  2579 | D:4      | Slain by an ogre

Levels and vault maps discovered:
D:1:      mrwooster_arrival_statue_3, layout_rooms, cheibriados_altar_1
D:2:      layout_loops_ring
D:3:      layout_basic, uniq_robin
D:4:      layout_loops_ring, dk_rats_in_the_wall

Skill      XL: |  1  2  3  4  5 |
---------------+----------------+-----
Dodging        | 4 |  4.6
Short Blades   | 5 |  5.7
Fighting       | 3 |  3.0
Throwing       | |  2.4
Armour         | |  0.8
Evocations     | |  0.9

Action                   |  1- 3 |  4- 6 || total
-------------------------+-------+-------++-------
Melee: Rapier            |    82 |   128 ||   210
Throw: Throwing net      |       |     4 ||     4
  Use: Potion            |       |     2 ||     2
  Eat: Chunk             |     8 |     6 ||    14
Armor: Leather armour    |    15 |    22 ||    37
Dodge: Dodged            |    80 |   118 ||   198

Table legend:
 A = Non-vault XP
 B = Vault XP
 C = Vault XP percentage of total XP
 D = Non-vault monster count
 E = Vault monster count
 F = Vault count percentage of total count
                 A         B        C        D         E       F
            +---------+---------+-------+---------+---------+-------
      Total |     161 |      39 |  19.5 |      46 |      13 |  22.0
            +---------+---------+-------+---------+---------+-------
        D:1 |      39 |       0 |   0.0 |      21 |       0 |   0.0
        D:2 |      32 |       0 |   0.0 |      10 |       0 |   0.0
        D:3 |      48 |      39 |  44.8 |      14 |      13 |  48.1
        D:4 |      42 |       0 |   0.0 |       1 |       0 |   0.0
            +---------+---------+-------+---------+---------+-------
